 Dungeon Crawl Stone Soup version 0.18-a0-1088-g34ef3a2 (console) character file.

3465 lauthentik the Covert (level 9, -16/61 HPs)
             Began as a Vampire Enchanter on Oct 16, 2015.
             Was a Priest of Dithmenos.
             Demolished by a two-headed ogre
             ... wielding a +0 giant club
              (20 damage)
             ... on level 9 of the Dungeon on Jan 15, 2016.
             The game lasted 00:43:25 (7528 turns).

lauthentik the Covert (Vampire Enchanter)           Turns: 7528, Time: 00:43:25

Health: -16/61     AC:  8    Str: 13    XL:     9   Next: 78%
Magic:  0/25       EV: 14    Int: 20    God:    Dithmenos [***...]
Gold:   364        SH:  3    Dex: 15    Spells: 4 memorised, 7 levels left

rFire  . . .     SeeInvis +     L - +4 dagger
rCold  + . .     Gourm    .     K - +1 robe "Jossasor" {-Tele MP+9 Str+6 Stlth+}
rNeg   + + .     Faith    .     y - +0 buckler
rPois  +         Spirit   +     r - +0 helmet
rElec  .         Dismiss  .     (no cloak)
rCorr  .         Reflect  .     F - +2 pair of gloves
SustAt .         Harm     .     j - +0 pair of boots
MR     +....     NoTele   +     g - amulet of guardian spirit
Stlth  +++++++++.               w - ring of protection from magic
                                l - +4 ring of slaying

@: regenerating slowly, wreathed by umbra, somewhat resistant to hostile
enchantments, incredibly stealthy
A: fangs 3, see invisible, unbreathing
a: Bat Form, Shadow Step, Renounce Religion


You were on level 9 of the Dungeon.
You worshipped Dithmenos.
Dithmenos was most pleased with you.
You were very thirsty.

You visited 1 branch of the dungeon, and saw 9 of its levels.

You collected 390 gold pieces.
You spent 26 gold pieces at shops.

Inventory:

Hand Weapons
 I - a +0 short sword of draining
 J - a +0 short sword of draining
 L - a +4 dagger (weapon)
 P - a +0 rapier
Missiles
 m - 5 javelins (quivered)
Armour
 b - a +1 robe
 j - a +0 pair of boots (worn)
 r - a +0 helmet (worn)
 y - a +0 buckler (worn)
 F - a +2 pair of gloves (worn)
 K - the +1 robe "Jossasor" (worn) {-Tele MP+9 Str+6 Stlth+}
   (You found it on level 8 of the Dungeon)

   It affects your strength (+6).
   It affects your magic capacity (+9).
   It prevents most forms of teleportation.
   It makes you more stealthy.
Jewellery
 g - an amulet of guardian spirit (around neck)
 l - a +4 ring of slaying (left hand)
 p - an uncursed ring of see invisible
 v - an uncursed ring of teleportation
 w - a ring of protection from magic (right hand)
 x - an uncursed amulet of dismissal
Wands
 a - a wand of flame (40/48)
 O - a wand of draining (2/15)
Scrolls
 h - 2 scrolls of recharging {unknown}
 i - a scroll of blinking
 o - a scroll of teleportation
 s - 2 scrolls of enchant weapon
 z - 3 scrolls of magic mapping {unknown}
 C - a scroll of fear {unknown}
 D - 2 scrolls of immolation {unknown}
 E - 2 scrolls of random uselessness {unknown}
 G - 10 scrolls of identify
 M - 2 scrolls of remove curse
 N - a scroll of fog {unknown}
 Q - a scroll of noise {unknown}
Potions
 d - a potion of blood
 e - a potion of mutation
 f - 2 potions of might
 n - a potion of curing {unknown}
 q - 3 potions of lignification
 t - 2 potions of flight {unknown}
 u - 4 potions of heal wounds {unknown}
 A - a potion of cure mutation {unknown}
 H - a potion of poison {unknown}
Books
 c - a book of Maledictions

   Spells                             Type                      Level
   a - Corona                         Hexes                        1
   b - Ensorcelled Hibernation        Hexes/Ice                    2
   c - Confuse                        Hexes                        3
   d - Tukima's Dance                 Hexes                        3
   e - Dazzling Spray                 Conjuration/Hexes            3
 k - a book of Summonings

   Spells                             Type                      Level
   a - Recall                         Summoning/Translocation      3
   b - Aura of Abjuration             Summoning                    5
   c - Summon Demon                   Summoning                    5
   d - Summon Forest                  Summoning/Translocation      5
   e - Summon Mana Viper              Hexes/Summoning              5
   f - Shadow Creatures               Summoning                    6
 B - a Young Poisoner's Handbook

   Spells                             Type                      Level
   a - Sting                          Conjuration/Poison           1
   b - Cure Poison                    Poison                       2
   c - Mephitic Cloud                 Conjuration/Poison/Air       3
   d - Olgreb's Toxic Radiance        Poison                       4
   e - Venom Bolt                     Conjuration/Poison           5


   Skills:
 - Level 2.0 Fighting
 - Level 3.4 Short Blades
 - Level 5.4 Dodging
 - Level 13.1 Stealth
 - Level 0.1 Shields
 - Level 5.1 Spellcasting
 - Level 8.8 Hexes
 + Level 4.1 Summonings
 - Level 3.6 Ice Magic


You had 7 spell levels left.
You knew the following spells:

 Your Spells              Type           Power        Failure   Level  Hunger
a - Ensorcelled Hibernat  Hex/Ice        ####..       2%          2    None
b - Corona                Hex            #####..      1%          1    None
c - Confuse               Hex            #####...     1%          3    ##.....
d - Summon Mana Viper     Hex/Summ       ####....     38%         5    #####..


Dungeon Overview and Level Annotations

Branches:
Dungeon (9/15)
 Temple: D:4-7         Lair: D:8-11         Orc: D:9-12

Altars:
Cheibriados
Dithmenos
Kikubaaqudgha
Makhleb
Nemelex Xobeh
Qazlal
Ru
Sif Muna
Xom
Yredelemnul
The Shining One

Shops:
D:5 =   D:9 :

Annotations:
D:4 PeterLawrence's ghost, amateur MiFi
D:6 brucemayne's ghost, novice DsBe


Innate Abilities, Weirdness & Mutations

You heal slowly.
You have razor-sharp teeth.
You have supernaturally acute eyesight.
You can survive without breathing.


Message History

Your mana viper bites the scorpion.
The scorpion closely misses you.
The two-headed ogre hits you with a giant club!
* * * LOW HITPOINT WARNING * * *
The two-headed ogre hits you with a giant club!
* * * LOW HITPOINT WARNING * * *
Your mana viper barely misses the scorpion.
Your mana viper bites the scorpion!
The scorpion dies!
Dithmenos accepts your kill.
Your mana viper misses the iguana.
Your mana viper bites the iguana!
Casting: Ensorcelled Hibernation
Confirm with . or Enter, or press ? or * to list all spells.
Aiming: Ensorcelled Hibernation
Press: ? - help, Shift-Dir - straight line, f/p - two-headed ogre
Aim: a two-headed ogre, wielding two giant clubs (heavily wounded, umbra, chance to defeat MR: 40%)
The two-headed ogre resists with some effort.
The two-headed ogre misses you.
The two-headed ogre hits you with a giant club!!
You die...

#...# #.# #...# ##.#######
#######...####### #.........
.#...............# #..###....
.................# #.........
#...............####...##....
##..###†..##.................
#.8##.S...#.##.##.##..#####
##..##.....#@##.##.##..####
.8.∩.8..l..#O##........##..
###.##....##S##.##.##.###.#
#8###....l.......##.# #.###
#.#......###........# #....
#†..##.#.##.......#####..#.
###.#................##..#.
#.#.##.##......)##.......
########.#.##..........######.##


You could see a two-headed ogre, an iguana and a friendly mana viper.

Vanquished Creatures
  A troll (D:9)
  Grinder (D:3)
  6 yaks (D:7)
  The ghost of Cenon the Skirmisher, an amateur GrFi (D:3)
  A sky beast (D:8)
  An orc warrior (D:8)
  5 ogres
  4 giant frogs
  A scorpion (D:5)
  A giant frog zombie (D:8)
  2 crimson imps (D:5)
  5 hounds
  2 orc priests
  A jelly (D:5)
  5 giant frog skeletons
  A centaur skeleton (D:7)
  3 iguanas
  7 worker ants
  2 hound skeletons
  A mummy (D:5)
  A worker ant zombie (D:7)
  9 gnolls (D:5)
  A shadow imp (D:5)
  12 adders
  3 oozes
  An adder zombie (D:9)
  3 worms
  5 giant geckos
  19 orcs
  2 bats
  2 giant cockroaches (D:3)
  7 hobgoblins
  7 jackals
  15 kobolds
  4 quokkas
  4 ball pythons
  5 giant newts
  16 goblins
  8 rats
175 creatures vanquished.

Vanquished Creatures (collateral kills)
  A scorpion (D:9)
1 creature vanquished.

Grand Total: 176 creatures vanquished

Notes
Turn   | Place    | Note
--------------------------------------------------------------
     0 | D:1      | lauthentik the Vampire Enchanter began the quest for the Orb.
     0 | D:1      | Reached XP level 1. HP: 13/13 MP: 3/3
   358 | D:1      | Reached XP level 2. HP: 7/19 MP: 3/5
   509 | D:1      | Learned a level 2 spell: Ensorcelled Hibernation
   756 | D:2      | Reached skill level 5 in Stealth
   756 | D:2      | Reached XP level 3. HP: 24/24 MP: 1/6
   760 | D:2      | Reached skill level 5 in Hexes
  1516 | D:3      | Found a stormy altar of Qazlal.
  1628 | D:3      | Reached XP level 4. HP: 30/30 MP: 5/7
  1726 | D:3      | Found a sacrificial altar of Ru.
  1763 | D:3      | Found a sacrificial altar of Ru.
  1767 | D:3      | Noticed Cenon's ghost (amateur GrFi)
  2003 | D:3      | Upgraded the game from 0.17-a0-2093-gc772f4b to 0.17-a0-2122-g03d97ec
  2074 | D:3      | Noticed Grinder
  2088 | D:3      | Killed Grinder
  2088 | D:3      | Reached skill level 6 in Stealth
  2088 | D:3      | Reached XP level 5. HP: 19/36 MP: 3/9
  2088 | D:3      | Reached XP level 6. HP: 22/42 MP: 3/10
  2143 | D:3      | Learned a level 3 spell: Confuse
  2224 | D:3      | Found a shadowy altar of Dithmenos.
  2224 | D:3      | Found a sparkling altar of Nemelex Xobeh.
  2231 | D:3      | Became a worshipper of Dithmenos the Shadowed
  2803 | D:3      | Killed Cenon's ghost
  2803 | D:3      | Reached skill level 7 in Stealth
  2960 | D:4      | Noticed PeterLawrence's ghost (amateur MiFi)
  3089 | D:4      | Reached skill level 8 in Stealth
  3211 | D:4      | Found a glowing golden altar of the Shining One.
  3219 | D:4      | Reached XP level 7. HP: 47/47 MP: 10/12
  3329 | D:5      | Entered Level 5 of the Dungeon
  3388 | D:5      | Found a shimmering altar of Xom.
  3450 | D:5      | Reached * piety under Dithmenos
  3559 | D:5      | Reached skill level 1 in Fighting
  3574 | D:5      | Found Jioxke's Jewellery Emporium.
  3607 | D:5      | Found a snail-covered altar of Cheibriados.
  3744 | D:5      | Reached skill level 9 in Stealth
  3765 | D:5      | Found a burning altar of Makhleb.
  3812 | D:5      | Found a sparkling altar of Nemelex Xobeh.
  3863 | D:5      | Found a basalt altar of Yredelemnul.
  4275 | D:5      | Reached ** piety under Dithmenos
  4275 | D:5      | Reached XP level 8. HP: 54/54 MP: 13/13
  4533 | D:5      | Reached skill level 10 in Stealth
  4682 | D:5      | Bought a cursed -2 ring of slaying for 26 gold pieces
  4684 | D:5      | Upgraded the game from 0.17-a0-2122-g03d97ec to 0.18-a0-1088-g34ef3a2
  5444 | D:6      | Noticed brucemayne's ghost (novice DsBe)
  5498 | D:6      | Reached skill level 11 in Stealth
  5579 | D:6      | Found a deep blue altar of Sif Muna.
  5926 | D:7      | Found an ancient bone altar of Kikubaaqudgha.
  5933 | D:7      | Reached skill level 12 in Stealth
  5988 | D:7      | Reached XP level 9. HP: 57/59 MP: 0/15
  6031 | D:7      | Reached skill level 5 in Dodging
  6723 | D:8      | Reached skill level 5 in Spellcasting
  6733 | D:8      | Got a ripped robe
  6744 | D:8      | Identified the +1 robe "Jossasor" {-Tele MP+9 Str+6 Stlth+} (You found it on level 8 of the Dungeon)
  6757 | D:8      | Reached skill level 13 in Stealth
  6803 | D:8      | Reached *** piety under Dithmenos
  6896 | D:8      | Learned a level 5 spell: Summon Mana Viper
  7197 | D:8      | Reached skill level 1 in Summonings
  7457 | D:9      | Noticed a troll
  7463 | D:9      | Killed a troll
  7492 | D:9      | Found Gail's Book Shop.
  7519 | D:9      | HP: 3/61 [two-headed ogre/giant club (12)]
  7528 | D:9      | Demolished by a two-headed ogre

Vault maps used:
D:1:      scummos_arrival_forest
D:3:      lemuel_crystal_altar, overflow_temple_1_default,
          gammafunk_temple_overflow_elements, nicolae_ru_awakened_eye,
          uniq_grinder
D:4:      kennysheep_mini, minmay_temple_entry_enclosed_plants, first_bread
D:5:      corexii_shantytown, lemuel_round_altar, makhleb_blood_cavern_becter,
          kennysheep_mini_moat, slow_altar_1, serial_shops, shop,
          nemelex_lonely_heart_becter
D:6:      lemuel_round_altar
D:7:      overflow_temple_1_default, grunt_decor_arrowhead
D:9:      orc_0_dummy, serial_shops, nicolae_shop_statue_plus

Action                   |  1- 3 |  4- 6 |  7- 9 || total
-------------------------+-------+-------+-------++-------
Melee: Dagger            |    88 |    60 |   204 ||   352
       Rapier            |       |       |    13 ||    13
 Cast: Corona            |     7 |     2 |       ||     9
       Ensorcelled Hiber |    12 |    19 |    50 ||    81
       Confuse           |       |     3 |     7 ||    10
       Summon Mana Viper |       |       |     1 ||     1
  Use: Scroll            |     4 |     1 |     4 ||     9
       Potion            |       |     1 |       ||     1
 Stab: Sleeping          |    22 |    21 |    85 ||   128
       Confused          |       |     2 |       ||     2
       Distracted        |       |       |     1 ||     1
  Eat: Corpse            |       |       |     1 ||     1
